 Dungeon Crawl Stone Soup version 0.17-b1-25-g6d8775f (webtiles) character file.

8330 4thArraOfDagon the Cleaver (level 11, -14/99 HPs)
             Began as a Hill Orc Fighter on Nov 5, 2015.
             Was a High Priest of Cheibriados.
             Demolished by Rayvis's ghost (29 damage)
             ... on level 4 of the Orcish Mines.
             The game lasted 00:22:48 (4042 turns).

4thArraOfDagon the Cleaver (Hill Orc Fighter)       Turns: 4042, Time: 00:22:49

Health: -14/99     AC: 13    Str: 36    XL:     11   Next: 29%
Magic:  18/18      EV: 13    Int: 22    God:    Cheibriados [*****.]
Gold:   721        SH:  0    Dex: 21    Spells: 0 memorised, 10 levels left

rFire  + . .     SeeInvis .     x - +1 battleaxe (flame)
rCold  + . .     Clarity  .     v - +0 plate armour
rNeg   . . .     SustAt   .     (shield currently unavailable)
rPois  +         Gourm    .     u - +0 helmet
rElec  +         Spirit   .     (no cloak)
rCorr  +         Warding  .     p - +0 pair of gloves
rMut   .         Stasis   .     (no boots)
MR     .....                    (no amulet)
Stlth  ..........               m - ring of stealth
                                (no ring)

@: mighty, resistant, very slightly contaminated, invisible, very slow, not
resistant to hostile enchantments, extremely unstealthy
A: no striking features
a: Bend Time, Temporal Distortion, Slouch, Step From Time, Renounce Religion


You were on level 4 of the Orcish Mines.
You worshipped Cheibriados.
Cheibriados was extremely pleased with you.
You were not hungry.

You visited 3 branches of the dungeon, and saw 16 of its levels.
You also visited: Ossuary.

You collected 961 gold pieces.
You spent 240 gold pieces at shops.

Inventory:

Hand Weapons
 a - a +0 war axe
 x - a +1 battleaxe of flaming (weapon)
Armour
 p - a +0 pair of gloves (worn)
 u - a +0 helmet (worn)
 v - a +0 plate armour (worn)
Jewellery
 m - a ring of stealth (right hand)
 r - an uncursed ring of wizardry
 B - an uncursed ring of teleportation
Wands
 f - a wand of flame (19)
 h - a wand of disintegration (1)
 k - a wand of fire (0)
 q - a wand of confusion (33)
Scrolls
 i - a scroll of recharging
 s - a scroll of remove curse
 t - 2 scrolls of magic mapping
 C - a scroll of random uselessness
Potions
 d - a potion of invisibility
 z - a potion of brilliance
Books
 y - a Young Poisoner's Handbook

   Spells                             Type                      Level
   a - Sting                          Conjuration/Poison           1
   b - Cure Poison                    Poison                       2
   c - Mephitic Cloud                 Conjuration/Poison/Air       3
   d - Olgreb's Toxic Radiance        Poison                       4
   e - Venom Bolt                     Conjuration/Poison           5
Miscellaneous
 o - a sack of spiders
Comestibles
 b - a slice of pizza
 c - 4 chunks of flesh
 e - 3 bread rations
 j - 5 meat rations
 A - a fruit


   Skills:
 + Level 9.7 Fighting
 * Level 13.6 Axes
 - Level 3.4 Armour
 + Level 6.1 Dodging
   Level 3.2 Shields
 + Level 9.6 Invocations
 + Level 3.5 Evocations


You had 10 spell levels left.
You didn't know any spells.

Dungeon Overview and Level Annotations

Branches:
Dungeon (11/15)            Temple (1/1) D:4             Orc (4/4) D:11
   Lair: D:8-11         Elf: Orc:3-4

Altars:
Ashenzari
Cheibriados
Dithmenos
Elyvilon
Kikubaaqudgha
Nemelex Xobeh
Okawaru
Qazlal
Ru
Trog
Vehumet
Yredelemnul
The Shining One
Beogh

Shops:
D:9 %   Orc:1 }(?((

Annotations:
Orc:4 Rayvis's ghost, journeyman FeEn


Message History

Unknown command.
You miss the orc knight. You completely miss Rayvis's ghost.
Rayvis's ghost barely misses you.
Unknown command.
You slice the orc knight!! You burn the orc knight.
The orc knight is moderately wounded.
You hit Rayvis's ghost but do no damage.
The orc knight hits you with a bardiche!!
* * * LOW HITPOINT WARNING * * *
Rayvis's ghost casts a spell at you.
You struggle to resist.
Unknown command.
You catch the helpless orc knight completely off-guard!
You hit the orc knight. You burn the orc knight.
The orc knight is moderately wounded.
You slice Rayvis's ghost!! You burn Rayvis's ghost!
Rayvis's ghost is heavily damaged.
Rayvis's ghost laughs crazily.
Rayvis's ghost hits you!!
You die...

... .........##....
#... .. .. ............
.... .. .. ...........
.....##.#.# ##.........
....#....####...)......
#.......##..........#
#..o$.##......†....##
#W#o#.....#####)#.#
#@#....### ##..)
###.o.## ##)( #.43# ###
##.÷.# # #...oo #
##.÷oo. ##..3÷. ...o. #
### ##


You could see an orc knight, Rayvis's ghost and an orc.

Vanquished Creatures
  An orc high priest (Orc:4)
  A hill giant (D:10)
  An orc knight (Orc:4)
  A cyclops (Orc:4)
  2 orc sorcerers
  Maurice (D:10)
  A troll (D:9)
  A two-headed ogre (Orc:4)
  2 wyverns
  3 yaks (D:10)
  A warg (Orc:2)
  A water moccasin (D:7)
  An eye of draining (D:8)
  7 orc warriors
  An ice beast (D:9)
  3 sky beasts
  4 ogres
  A black bear (D:8)
  A necrophage (D:10)
  A wasp (D:7)
  2 phantoms
  A big kobold (D:9)
  3 giant frogs
  An elf zombie (Ossuary)
  A brain worm (D:9)
  2 centaurs
  A scorpion (D:7)
  A quasit (D:9)
  3 centaur zombies (Ossuary)
  3 crimson imps
  2 iguanas
  A jelly (D:9)
  13 orc priests
  3 human zombies (Ossuary)
  3 worker ants
  11 orc wizards
  A hound (D:9)
  2 mummies (Ossuary)
  7 adders
  An adder zombie (D:6)
  A worm (D:3)
  A giant gecko (D:3)
  108 orcs
  3 bats
  5 giant cockroaches
  2 goblins
  2 hobgoblins
  4 jackals
  7 kobolds
  4 quokkas
  2 ball pythons (D:2)
  A giant newt (D:3)
  3 rats
240 creatures vanquished.

Vanquished Creatures (others)
  An orc wizard (D:10)
1 creature vanquished.

Grand Total: 241 creatures vanquished

Notes
Turn   | Place    | Note
--------------------------------------------------------------
     0 | D:1      | 4thArraOfDagon the Hill Orc Fighter began the quest for the Orb.
     0 | D:1      | Reached XP level 1. HP: 19/19 MP: 1/1
    76 | D:2      | Reached skill level 4 in Fighting
    76 | D:2      | Reached XP level 2. HP: 25/27 MP: 2/2
   161 | D:2      | You fall through a shaft for 2 floors!
   189 | D:4      | Found a staircase to the Ecumenical Temple.
   197 | Temple   | Entered the Ecumenical Temple
   238 | Temple   | Became a worshipper of Cheibriados the Contemplative
   295 | D:4      | Found a sand-covered staircase.
   308 | D:4      | Reached XP level 3. HP: 29/33 MP: 3/3
   316 | Ossuary  | Entered an ossuary
   331 | Ossuary  | Reached skill level 1 in Invocations
   331 | Ossuary  | Reached XP level 4. HP: 18/41 MP: 4/4
   340 | Ossuary  | Reached skill level 1 in Dodging
   348 | Ossuary  | Reached XP level 5. HP: 13/47 MP: 6/6
   352 | Ossuary  | Reached skill level 5 in Axes
   373 | Ossuary  | Reached skill level 5 in Fighting
   373 | Ossuary  | Reached XP level 6. HP: 7/56 MP: 6/8
   391 | Ossuary  | HP: 1/56 [human zombie (4)]
   709 | D:3      | Reached * piety under Cheibriados
   754 | D:3      | Reached skill level 6 in Axes
   764 | D:3      | Reached XP level 7. HP: 37/61 MP: 9/9
   934 | D:3      | Found a stormy altar of Qazlal.
  1050 | D:5      | Entered Level 5 of the Dungeon
  1092 | D:6      | Found an iron altar of Okawaru.
  1271 | D:5      | Found a glowing golden altar of the Shining One.
  1274 | D:5      | Found a bloodstained altar of Trog.
  1277 | D:5      | Found a shadowy altar of Dithmenos.
  1374 | D:6      | Found an ancient bone altar of Kikubaaqudgha.
  1409 | D:6      | Found a white marble altar of Elyvilon.
  1440 | D:6      | Found a sacrificial altar of Ru.
  1504 | D:7      | Reached skill level 7 in Axes
  1523 | D:7      | Reached XP level 8. HP: 52/70 MP: 11/11
  1548 | D:7      | Reached skill level 8 in Axes
  1569 | D:7      | Reached ** piety under Cheibriados
  1586 | D:7      | Reached skill level 5 in Invocations
  1743 | D:8      | Reached skill level 9 in Axes
  1986 | D:10     | Entered Level 10 of the Dungeon
  2004 | D:10     | Reached XP level 9. HP: 55/79 MP: 13/13
  2015 | D:10     | Reached skill level 10 in Axes
  2044 | D:10     | Noticed a hill giant
  2061 | D:10     | Killed a hill giant
  2072 | D:10     | Noticed Maurice
  2090 | D:10     | Killed Maurice
  2090 | D:10     | Reached skill level 11 in Axes
  2134 | D:10     | Noticed a komodo dragon
  2276 | D:10     | Noticed a hill giant
  2406 | D:9      | Reached *** piety under Cheibriados
  2406 | D:9      | Reached XP level 10. HP: 24/88 MP: 15/15
  2417 | D:9      | Reached skill level 5 in Dodging
  2423 | D:9      | Found a shattered altar of Ashenzari.
  2549 | D:9      | Reached skill level 12 in Axes
  2637 | D:9      | Noticed an elephant
  2654 | D:9      | Found Ubauc's Food Emporium.
  2774 | D:11     | Found a staircase to the Orcish Mines.
  2850 | Orc:1    | Entered Level 1 of the Orcish Mines
  2850 | Orc:1    | Found Xoanudosel's Weapon Emporium.
  2894 | Orc:1    | ROTFL
  2901 | Orc:1    | :)
  2906 | Orc:1    | Found Reraczei's Antique Weapon Shop.
  2914 | Orc:1    | :)
  2925 | Orc:1    | Noticed an orc knight
  2928 | Orc:1    | :)
  2934 | Orc:1    | Found Ewky's Magic Scroll Shop.
  2942 | Orc:1    | :)
  2944 | Orc:1    | Bought a scroll of fear for 49 gold pieces
  2944 | Orc:1    | Bought a scroll of identify for 28 gold pieces
  2944 | Orc:1    | Bought a scroll of random uselessness for 14 gold pieces
  2968 | Orc:1    | Found Panwet's Antique Weapon Shoppe.
  2979 | Orc:1    | Bought a glowing battleaxe for 149 gold pieces
  2992 | Orc:1    | :/
  3054 | Orc:1    | Found Qisekh's Gadget Shop.
  3057 | Orc:1    | Reached **** piety under Cheibriados
  3080 | Orc:1    | :(
  3130 | Orc:2    | Reached skill level 1 in Evocations
  3246 | Orc:2    | Reached ***** piety under Cheibriados
  3333 | Orc:2    | Found a roughly hewn altar of Beogh.
  3359 | Orc:2    | Noticed an orc sorcerer
  3365 | Orc:2    | Noticed an orc knight
  3365 | Orc:2    | Killed an orc sorcerer
  3481 | Orc:3    | Found a bloodstained altar of Trog.
  3512 | Orc:4    | Entered Level 4 of the Orcish Mines
  3751 | Orc:4    | Reached skill level 13 in Axes
  3775 | Orc:4    | Noticed an orc knight
  3782 | Orc:4    | Killed an orc knight
  3782 | Orc:4    | Reached XP level 11. HP: 25/97 MP: 6/17
  3959 | Orc:4    | Noticed a cyclops
  3978 | Orc:4    | Killed a cyclops
  4017 | Orc:4    | Noticed an orc sorcerer
  4018 | Orc:4    | Noticed an orc high priest
  4018 | Orc:4    | Noticed an orc knight
  4019 | Orc:4    | Noticed an orc high priest
  4027 | Orc:4    | Killed an orc sorcerer
  4029 | Orc:4    | Noticed Rayvis's ghost (journeyman FeEn)
  4034 | Orc:4    | Killed an orc high priest
  4042 | Orc:4    | Demolished by Rayvis's ghost

Action                   |  1- 3 |  4- 6 |  7- 9 | 10-12 || total
-------------------------+-------+-------+-------+-------++-------
Melee: War axe           |    50 |   104 |   195 |   104 ||   453
       Battleaxe         |       |       |       |   183 ||   183
Invok: Bend Time         |       |       |     1 |     1 ||     2
       Slouch            |       |       |       |     4 ||     4
       Temporal Distorti |       |       |       |     1 ||     1
 Abil: Evoke Teleportati |       |       |       |     3 ||     3
Evoke: Wand              |       |       |    17 |     4 ||    21
  Use: Scroll            |     1 |       |    10 |     8 ||    19
       Potion            |     1 |     3 |     8 |     3 ||    15
 Stab: Invisible         |       |       |     7 |     2 ||     9
  Eat: Chunk             |       |     1 |     2 |     4 ||     7
       Fruit             |       |       |     1 |     1 ||     2
